 Dungeon Crawl Stone Soup version 0.27.1-35-g4d5d836560 (console) character file.

Game seed: 15786926217729827065

216 Banquo the Chopper (level 6, -5/47 HPs)
             Began as a Formicid Fighter on Mar 5, 2022.
             Slain by an orc warrior (11 damage)
             ... on level 4 of the Dungeon.
             The game lasted 00:08:02 (4369 turns).

Banquo the Chopper (Formicid Fighter)               Turns: 4369, Time: 00:08:02

Health: -5/47      AC:  6    Str: 22    XL:     6   Next: 16%
Magic:  6/6        EV:  9    Int:  8    God:
Gold:   196        SH:  9    Dex: 10    Spells: 5/5 levels left

rFire    . . .     SeeInvis +   a - +0 war axe
rCold    . . .     Faith    .   c - +0 kite shield
rNeg     . . .     Spirit   .   q - +3 leather armour {Will+}
rPois    .         Reflect  .   (helmet unavailable)
rElec    .         Harm     .   (no cloak)
rCorr    .         Rampage  .   (no gloves)
Will     +....                  (no boots)
Stlth    +.........             (no amulet)
HPRegen  0.15/turn              (no ring)
MPRegen  0.10/turn              (no ring)

@: mighty
A: permanent stasis, dig shafts and tunnels, antennae 3, four strong arms
a: Dig, Shaft Self


You were on level 4 of the Dungeon.
You visited 1 branch of the dungeon, and saw 4 of its levels.

You collected 196 gold pieces.

Inventory:

Hand Weapons
 a - a +0 war axe (weapon)
 i - a +0 trident
Missiles
 h - 160 stones
 o - 4 poisoned darts
Armour
 b - a +0 scale mail
 c - a +0 kite shield (worn)
 q - a +3 leather armour of willpower (worn)
Wands
 f - a wand of iceblast (10)
 p - a wand of mindburst (12)
Scrolls
 e - a scroll of fear {unknown}
 g - a scroll of amnesia {unknown}
 j - 2 scrolls of magic mapping
 m - a scroll of noise
 r - 3 scrolls of identify
Potions
 d - a potion of might
 k - 2 potions of degeneration
 l - 2 potions of attraction {unknown}
 n - 2 potions of curing {unknown}


   Skills:
 - Level 3.2 Fighting
 + Level 6.0 Axes
 - Level 3.2 Armour
 - Level 3.6 Shields


You had 5 spell levels left.
You didn't know any spells.
Your spell library was empty.

Dungeon Overview and Level Annotations

Branches:
Dungeon (4/15)
 Temple: D:4-7

Altars:
Ashenzari
Okawaru


Innate Abilities, Weirdness & Mutations

You cannot be hasted, slowed, berserked, paralysed or teleported.
You can dig through walls and to a lower floor.
You have a pair of large antennae on your head. (SInv)
Your four strong arms can wield two-handed weapons with a shield.


Message History

You feel very mighty all of a sudden.
You retract your mandibles.
You closely miss the orc. You block the orc's attack. x2
You slash the orc!
You kill the orc!
The orc warrior hits you with a +0 short sword!
Your Axes skill increases to level 6!
You hit the orc warrior.
The orc warrior is lightly wounded.
The orc warrior completely misses you.
You hit the orc warrior.
The orc warrior is moderately wounded.
You block the orc warrior's attack.
The orc warrior hits you with a +0 short sword.
You hit the orc warrior.
The orc warrior is heavily wounded.
You block the orc warrior's attack.
You slash the orc warrior!
The orc warrior is severely wounded.
You block the orc warrior's attack.
You closely miss the orc warrior.
The orc warrior is severely wounded.
You block the orc warrior's attack.
The orc warrior hits you with a +0 short sword.
You barely miss the orc warrior.
The orc warrior is severely wounded.
You block the orc warrior's attack.
You closely miss the orc warrior.
The orc warrior is severely wounded.
The orc warrior hits you but does no damage.
The orc warrior hits you with a +0 short sword!
You closely miss the orc warrior.
The orc warrior is severely wounded.
The orc warrior hits you with a +0 short sword!
* * * LOW HITPOINT WARNING * * *
Unknown command.
You hit the orc warrior.
The orc warrior is almost dead.
The orc warrior hits you with a +0 short sword!
You die...

#.#.#.#.#.#.#.#.#.#).....# *,*,*,
.#.#.#.#.#.#.#.#.#.#**,*****,*,*,
#.#.#.#.#.#.#.#.#.#....{o.,,,*,*,
#####.########.#o#{#{#.###****,*,
*.#******#.#.#.....,,,,,,,,*,
*.#*,,,,,.,#.######.********,
*.#*,***####..........,,,* *,
*.#*,* #o#######.*#**,***, *.#*,*
##@# *,* *,,,*,
*,**,******###*****,******,*,
*,,,,,,,,,,,,,,,,,,,,,,,,,,*,
*******************,********,
*,********, *,,,,,,,,,,
*,********, *** **


You could see an orc warrior.

Vanquished Creatures
  A phantom (D:3)
  Ijyb (D:3)
  An iguana (D:4)
  An adder (D:3)
  A worm (D:2)
  3 dart slugs
  4 orcs
  3 ball pythons (D:1)
  10 endoplasms
  5 giant cockroaches
  4 goblins
  6 hobgoblins
  8 kobolds
  5 quokkas
  3 bats
  4 frilled lizards
  3 rats
63 creatures vanquished.

Notes
Turn   | Place    | Note
-------+----------+-------------------------------------------
     0 | D:1      | Banquo the Formicid Fighter began the quest for the Orb.
     0 | D:1      | Reached XP level 1. HP: 18/18 MP: 1/1
    67 | D:1      | Reached XP level 2. HP: 12/24 MP: 2/2
   401 | D:1      | Reached skill level 3 in Axes
   671 | D:1      | Reached XP level 3. HP: 29/29 MP: 3/3
  2256 | D:3      | Reached skill level 4 in Axes
  2256 | D:3      | Reached XP level 4. HP: 34/35 MP: 4/4
  2690 | D:3      | Found a broken altar of Ashenzari.
  2752 | D:3      | Noticed a phantom
  2766 | D:3      | Killed a phantom
  2767 | D:3      | Reached skill level 5 in Axes
  2767 | D:3      | Reached XP level 5. HP: 22/41 MP: 5/5
  3197 | D:3      | Found an iron altar of Okawaru.
  3229 | D:3      | Noticed Ijyb
  3326 | D:3      | Killed Ijyb
  3594 | D:4      | Reached XP level 6. HP: 10/47 MP: 6/6
  4348 | D:4      | Noticed an orc warrior
  4361 | D:4      | Reached skill level 6 in Axes
  4369 | D:4      | Slain by an orc warrior

Illustrated notes

Levels and vault maps discovered:
D:1:      dpeg_arrival_leaves_temple_mockup, layout_basic, chequers_arboretum
D:2:      layout_basic, minmay_misc_feat_iff
D:3:      layout_basic, lemuel_coloured_pillars_altar,
          cheibrodos_ashenzari_chains, uniq_ijyb
D:4:      layout_basic, solitary_fountain, minivault_5

Skill      XL: |  1  2  3  4  5  6 |
---------------+-------------------+-----
Axes           | 3 4 5 6 |  6.0
Fighting       | |  3.2
Armour         | |  3.2
Shields        | |  3.6

Action                   |  1- 3 |  4- 6 || total
-------------------------+-------+-------++-------
Melee: War axe           |    96 |   110 ||   206
 Abil: Dig               |       |     3 ||     3
  Use: Scroll            |       |     5 ||     5
       Potion            |       |     1 ||     1
Armor: Scale mail        |    47 |    20 ||    67
       Leather armour    |       |     9 ||     9
Dodge: Dodged            |    24 |    45 ||    69
Block: Kite shield       |    51 |    43 ||    94
